AoeStats
← Taranis

Yucatan

503238127Analyzed
4v4 RM · 1mo ago on Aug 30, 2026· 44m 41s· 8 players
Game mode
Random Map
Map size
Large (8 player)
Population
200
Speed
Normal
Resources
Standard
Victory
Conquest
Starting age
Dark Age
Ending age
Imperial Age
RankedLock teamsTeams togetherTeam positionsShared explorationLock speedFull tech treeHidden civsTurbo modeCheats
Victory
Defeat
🇦🇷 Vikings · Argentina
966
+16
🇨🇴 Vietnamese · Colombia
947
+17
🇩🇪 Burgundians · Germany
939
+17
🇫🇷 Franks · France
920
+18
🇧🇷 Romans · Brazil
1035
-20
🇬🇧 Franks · United Kingdom
965
-17
🇩🇪 Cumans · Germany
933
-16
🇧🇷 Khmer · Brazil
923
-15
Jhoan17
10:08 Feudal Age
10:55 Double-Bit Axe
13:35 Wheelbarrow
17:57 Castle Age
18:25 Gold Mining
19:20 Loom
21:44 Bow Saw
22:13 Stone Mining
23:38 Horse Collar
24:57 Stone Shaft Mining
25:56 Heavy Plow
28:18 Fletching
28:29 Padded Archer Armor
29:11 Bodkin Arrow
31:41 Leather Archer Armor
36:12 Imperial Age
36:55 Elite Rattan Archer
38:05 Bracer
38:35 Ring Archer Armor
Taranis
11:19 Feudal Age
9:49 Loom
16:41 Castle Age
20:00 Double-Bit Axe
20:03 Horse Collar
22:25 Bow Saw
25:01 Town Watch
24:58 Pikeman
26:10 Forging
27:01 Stone Mining
27:03 Gold Mining
28:43 Iron Casting
29:36 Gold Shaft Mining
30:16 Fletching
30:27 Man-at-Arms
30:52 Gambesons
31:45 Long Swordsman
33:10 Scale Mail Armor
38:07 Imperial Age
38:25 Chain Mail Armor
38:06 Bodkin Arrow
38:14 Heavy Scorpion
38:37 Two-Handed Swordsman
39:18 Squires
41:23 Bracer
41:23 Padded Archer Armor
41:46 Ballistics
42:27 Chemistry
42:10 Heavy Plow
41:39 Crossbowman
42:01 Champion
43:20 Fortified Wall
44:00 Arbalester
WeedOliver
11:59 Feudal Age
13:18 Loom
16:26 Castle Age
14:27 Stone Mining
16:36 Double-Bit Axe
21:48 Town Watch
22:39 Wheelbarrow
26:40 Bow Saw
28:28 Hand Cart
32:27 Imperial Age
31:02 Gold Mining
31:29 Forging
31:26 Scale Barding Armor
31:23 Husbandry
34:37 Chemistry
33:22 Cavalier
35:35 Conscription
36:31 Iron Casting
36:17 Chain Barding Armor
39:19 Gold Shaft Mining
39:10 Paladin
44:32 Plate Barding Armor
44:58 Blast Furnace
Hammurabi
4:22 Loom
13:09 Feudal Age
13:19 Double-Bit Axe
18:45 Castle Age
17:50 Bow Saw
17:22 Horse Collar
18:20 Wheelbarrow
18:51 Cavalier
20:43 Forging
20:39 Scale Barding Armor
21:42 Husbandry
22:18 Iron Casting
34:20 Hand Cart
33:49 Elite Skirmisher
35:09 Chain Barding Armor
35:31 Gold Mining
39:43 Imperial Age
38:48 Fletching
38:58 Padded Archer Armor
40:27 Burgundian Vineyards
41:25 Blast Furnace
42:03 Plate Barding Armor
41:18 Paladin
41:19 Imperial Skirmisher
44:38 Gold Shaft Mining
44:23 Bodkin Arrow
nils.odenbach
13:03 Feudal Age
13:53 Double-Bit Axe
16:52 Castle Age
17:30 Wheelbarrow
17:06 Loom
17:37 Gold Mining
18:14 Bow Saw
23:38 Gold Shaft Mining
25:41 Forging
29:01 Pikeman
29:43 Squires
31:05 Iron Casting
30:33 Scale Mail Armor
34:44 Capped Ram
M1rc0ss_
0:32 Loom
15:55 Feudal Age
20:37 Castle Age
19:41 Double-Bit Axe
19:38 Horse Collar
20:39 Forging
20:29 Scale Mail Armor
19:52 Man-at-Arms
21:26 Long Swordsman
22:07 Squires
23:22 Heavy Plow
23:35 Bow Saw
23:42 Gold Mining
25:15 Wheelbarrow
27:17 Iron Casting
29:25 Hand Cart
31:31 Chain Mail Armor
32:32 Gold Shaft Mining
31:47 Stone Mining
32:38 Murder Holes
32:54 Fortified Wall
32:27 Pikeman
35:47 Imperial Age
33:03 Town Watch
33:54 Town Patrol
35:49 Legionary
35:50 Halberdier
37:33 Blast Furnace
36:22 Capped Ram
Drewpert93
7:51 Loom
11:10 Feudal Age
12:27 Double-Bit Axe
19:16 Castle Age
18:36 Forging
21:18 Bow Saw
23:29 Husbandry
25:49 Iron Casting
26:02 Scale Barding Armor
32:11 Imperial Age
33:08 Wheelbarrow
33:11 Ballistics
32:33 Cavalier
35:19 Blast Furnace
34:40 Chain Barding Armor
42:17 Chemistry
MylordSoares
8:12 Loom
10:03 Feudal Age
18:16 Horse Collar
20:58 Castle Age
22:04 Heavy Plow
24:31 Gold Mining
24:31 Stone Mining
30:50 Caravan
40:48 Imperial Age
42:26 Crop Rotation
42:33 Gold Shaft Mining
42:34 Stone Shaft Mining
41:57 Double-Bit Axe
45:02 Chemistry
Connection lost

Rejoining the realm…

Still unreachable

The connection could not be restored.

Session expired

The server has moved on; the page needs a fresh start.